 Dungeon Crawl Stone Soup version 0.26.1-11-gd32895ea62 (webtiles) character file.

Game seed: 7004074067391874728

84 dtburroughs the Skirmisher (level 4, -3/41 HPs)
             Began as a Minotaur Berserker on June 26, 2021.
             Was a Believer of Trog.
             Slain by an orc priest
             ... wielding a cursed +0 flail
              (7 damage)
             ... on level 3 of the Dungeon.
             The game lasted 00:02:06 (1580 turns).

dtburroughs the Skirmisher (Minotaur Berserker)     Turns: 1580, Time: 00:02:06

Health: -3/41      AC:  6    Str: 21    XL:     4   Next: 24%
Magic:  3/3        EV: 12    Int:  5    God:    Trog [**....]
Gold:   79         SH:  0    Dex: 10    Spells: 3/3 levels left

rFire    . . .     SeeInvis .   a - +0 hand axe
rCold    . . .     Faith    .   (no shield)
rNeg     . . .     Spirit   .   g - +0 ring mail (curse)
rPois    .         Reflect  .   (helmet restricted)
rElec    .         Harm     .   (no cloak)
rCorr    .         Rampage  .   (no gloves)
Will     ++...                  d - +0 pair of boots
Stlth    ..........             (no amulet)
HPRegen  1.13/turn              (no ring)
MPRegen  0.08/turn              (no ring)

@: regenerating
A: retaliatory headbutt, horns 2
a: Renounce Religion, Berserk, Trog's Hand


You were on level 3 of the Dungeon.
You worshipped Trog.
Trog was pleased with you.
You visited 1 branch of the dungeon, and saw 3 of its levels.

You collected 79 gold pieces.

Inventory:

Hand Weapons
 a - a +0 hand axe (weapon)
Armour
 b - a +0 animal skin
 d - a +0 pair of boots (worn)
 g - a cursed +0 ring mail (worn)
 i - a +0 cloak
 j - a +0 ring mail of cold resistance
Scrolls
 c - 2 scrolls of identify {unknown}
 e - 2 scrolls of enchant weapon {unknown}
 f - a scroll of magic mapping {unknown}
 h - a scroll of remove curse {unknown}
 k - a scroll of enchant armour {unknown}


   Skills:
 + Level 4.4 Fighting
 + Level 4.3 Axes
 + Level 3.4 Armour
 + Level 3.1 Dodging


You had 3 spell levels left.
You didn't know any spells.
Your spell library was empty.

Dungeon Overview and Level Annotations

Branches:
Dungeon (3/15)

Altars:


Innate Abilities, Weirdness & Mutations

You reflexively headbutt those who attack you in melee.
You have a pair of horns on your head.


Message History

The orc priest hits you but does no damage.
The orc hits you but does no damage. x2
You barely miss the orc. You hit the orc but do no damage.
You hit the orc priest.
The orc priest hits you with a cursed +0 flail.
The orc barely misses you. You furiously retaliate!
You headbutt the orc.
You kill the orc!
Trog accepts your kill. The orc misses you. You furiously retaliate!
You headbutt the orc!
You kill the orc!
Trog accepts your kill.
Your skin crawls.
You feel strong-willed.
The orc priest invokes the aid of Beogh against you.
Beogh smites you!
* * * LOW HITPOINT WARNING * * *
You hit the orc priest.
The orc priest is almost dead.
The orc priest hits you with a cursed +0 flail!
You die...

###### ##....
##(..#####
##........###
#####...<.###... $
...............# ..
#####...†#####.###...
#..).)@o.........
#..#.##).........
#..#.##......##.
#.:#.##......#
#..#............#
.....##.....#.###
##....##.....# #
#.....#..!..# ...####


You could see an orc priest.

Vanquished Creatures
  3 adders (D:3)
  A shadow imp (D:2)
  An ooze (D:2)
  A dart slug (D:1)
  2 leopard geckos
  3 orcs (D:3)
  5 bats
  5 hobgoblins
  6 kobolds
  A quokka (D:2)
  2 frilled lizards
  7 goblins
  3 rats
40 creatures vanquished.

Vanquished Creatures (others)
  3 plants (D:2)
3 creatures vanquished.

Grand Total: 43 creatures vanquished

Notes
Turn   | Place    | Note
-------+----------+-------------------------------------------
     0 | D:1      | dtburroughs the Minotaur Berserker began the quest for the
                  | Orb.
     0 | D:1      | Reached XP level 1. HP: 19/19 MP: 0/0
   154 | D:1      | Reached XP level 2. HP: 22/27 MP: 1/1
  1026 | D:2      | Reached XP level 3. HP: 32/33 MP: 2/2
  1043 | D:2      | Reached ** piety under Trog
  1166 | D:2      | Found a faded altar of an unknown god.
  1532 | D:3      | Reached XP level 4. HP: 28/40 MP: 3/3
  1580 | D:3      | Slain by an orc priest

Illustrated notes

Levels and vault maps discovered:
D:1:      ncdulo_wetmaze, layout_basic, patterned_corridor
D:2:      layout_basic, chequers_ecumenical_altar_simple_redux, serial_forest,
          infiniplex_forest_pool, infiniplex_forest_straight_3,
          infiniplex_forest_clump_long, infiniplex_forest_lined_ring,
          infiniplex_forest_corner_2, infiniplex_forest_zigzag_2,
          infiniplex_forest_straight_1
D:3:      layout_loops_ring, minmay_quadrilaterals

Skill      XL: |  1  2  3 |
---------------+----------+-----
Fighting       | 4 |  4.4
Axes           | 4 |  4.3
Armour         | 3 |  3.4
Dodging        | 3 |  3.1

Action                   |  1- 3 |  4- 6 || total
-------------------------+-------+-------++-------
Melee: Hand axe          |    98 |     8 ||   106
       Headbutt          |    15 |       ||    15
Invok: Trog's Hand       |       |     1 ||     1
Armor: Animal skin       |     8 |       ||     8
       Ring mail         |    20 |     4 ||    24
Dodge: Dodged            |    76 |     6 ||    82
